 Dungeon Crawl Stone Soup version 0.26-a0-683-g5206c1d7ac (webtiles) character file.

Game seed: 14004184572157570078

20395 grandjackal the Fighter (level 12, -12/97 HPs)
             Began as a Demonspawn Gladiator on Oct 22, 2020.
             Was a High Priest of Okawaru.
             Mangled by an orc warrior
             ... wielding a +2 scimitar of holy wrath
             ... led by an orc knight
              (16 damage)
             ... on level 1 of the Orcish Mines.
             The game lasted 00:19:25 (15954 turns).

grandjackal the Fighter (Demonspawn Gladiator)     Turns: 15954, Time: 00:19:25

Health: -12/97     AC: 18    Str: 18    XL:     12   Next: 45%
Magic:  19/19      EV: 13    Int: 15    God:    Okawaru [*****.]
Gold:   708        SH:  5    Dex: 17    Spells: 11/11 levels left

rFire    . . .     SeeInvis .   E - +2 scimitar (curse)
rCold    + . .     Faith    .   (no shield)
rNeg     + + +     Spirit   .   r - +2 chain mail {MR+}
rPois    .         Reflect  +   c - +0 helmet
rElec    .         Harm     .   u - +1 cloak
rCorr    .         Rampage  .   (no gloves)
MR       +++..                  (no boots)
Stlth    ..........             m - amulet of reflection
HPRegen  0.26/turn              w - ring of protection from cold
MPRegen  0.16/turn              a - ring "Wemam" {rC- rN+++ MR++ Int+6}

@: no status effects
A: hooves 2, iridescent scales 1, agile 1, cold resistance 1, dopey 1, powered
by death 1, wild magic 1, freezing cloud immunity
a: Heroism, Finesse, Renounce Religion


You were on level 1 of the Orcish Mines.
You worshipped Okawaru.
Okawaru was extremely pleased with you.
You visited 3 branches of the dungeon, and saw 14 of its levels.

You collected 991 gold pieces.
You spent 283 gold pieces at shops.

Inventory:

Hand Weapons
 f - a +0 dagger of speed
 p - a +1 rapier of holy wrath
 E - a cursed +2 scimitar (weapon)
Missiles
 d - 6 throwing nets (quivered)
 v - 12 curare-tipped darts
Armour
 c - a +0 helmet (worn)
 r - a +2 chain mail of magic resistance (worn)
 u - a +1 cloak (worn)
Jewellery
 a - the ring "Wemam" (right hand) {rC- rN+++ MR++ Int+6}
   (You found it on level 11 of the Dungeon)

   [ring of intelligence]

   It affects your intelligence (+6).
   It makes you vulnerable to cold.
   It renders you almost immune to negative energy.
   It affects your resistance to hostile enchantments.
 m - an amulet of reflection (around neck)
 s - a cursed ring of attention {unknown}
 w - a ring of protection from cold (left hand)
 x - a +6 ring of intelligence
 I - a +4 ring of evasion {unknown}
Wands
 b - a wand of enslavement (10)
 y - a wand of flame (31)
 z - a wand of iceblast (6)
 C - a wand of random effects (38)
Scrolls
 g - 3 scrolls of fog
 i - 6 scrolls of teleportation
 j - 3 scrolls of fear
 k - 4 scrolls of magic mapping
 l - 2 scrolls of identify
 o - 3 scrolls of blinking
 q - 12 scrolls of remove curse
 t - 4 scrolls of enchant weapon
 A - a scroll of immolation
 H - a scroll of enchant armour {unknown}
Potions
 e - 4 potions of flight
 h - 3 potions of curing
 n - a potion of mutation
 B - a potion of cancellation
 D - 3 potions of heal wounds
 F - a potion of brilliance
 G - a potion of haste


   Skills:
 + Level 10.1 Fighting
 + Level 9.5 Long Blades
 - Level 1.7 Throwing
 + Level 8.7 Armour
 + Level 9.5 Dodging
 - Level 10.0 Invocations


You had 11 spell levels left.
You didn't know any spells.
Your spell library contained the following spells:

 Spells                   Type           Power        Failure   Level
 Corona                   Hex            #......      96%         1
 Shock                    Conj/Air       #...         96%         1
 Ensorcelled Hibernation  Hex/Ice        #.....       99%         2
 Slow                     Hex            #.......     99%         2
 Swiftness                Air            #.......     99%         2
 Confusing Touch          Hex            #.......     100%        3
 Dazzling Flash           Conj/Hex       #.....       100%        3
 Frozen Ramparts          Ice            #.....       100%        3
 Ignite Poison            Fire/Tmut/Pois #.......     100%        3
 Inner Flame              Hex/Fire       #.......     100%        3
 Portal Projectile        Hex/Tloc       #.....       100%        3
 Static Discharge         Conj/Air       #.......     100%        3
 Tukima's Dance           Hex            #.......     100%        3
 Airstrike                Air            #.........   100%        4
 Cause Fear               Hex            #.........   100%        4
 Ice Form                 Ice/Tmut       #.......     100%        4
 Leda's Liquefaction      Hex/Erth       #.........   100%        4
 Olgreb's Toxic Radiance  Pois           #.......     100%        4
 Lightning Bolt           Conj/Air       #.........   100%        5
 Freezing Cloud           Conj/Ice/Air   #.........   100%        6


Dungeon Overview and Level Annotations

Branches:
Dungeon (12/15)            Temple (1/1) D:6            Lair (0/6) D:10
    Orc (1/2) D:10

Altars:
Ashenzari
Cheibriados
Dithmenos
Elyvilon
Gozag
Hepliaklqana
Kikubaaqudgha
Makhleb
Nemelex Xobeh
Okawaru
Qazlal
Sif Muna
Trog
Vehumet
Wu Jian
Xom
Yredelemnul
Zin
The Shining One

Shops:
D:5 (*}*(   D:11 *

Portals:
Trove: D:10 (give +4 demon blade)


Innate Abilities, Weirdness & Mutations

You have hoof-like feet.
You are partially covered in iridescent scales. (AC +2)
Your flesh is cold resistant. (rC+)
You regenerate a little health from kills.
You are immune to freezing clouds.
You are agile. (Dex +2)
You are dopey. (Int -2)
Your spells are a little harder to cast, but a little more powerful.


Message History

You block the warg's attack.
Unknown command.
The orc warrior barely misses you. You block the orc knight's attack.
The warg closely misses you.
Things that are here:
a bolt; a +0 mace; an orc corpse The warg barely misses you.
You feel like a meek peon again.
Evoke which item? (* to show all) (? for menu, Esc to quit)
Aiming: Iceblast
Press: ? - help, Shift-Dir - straight line The mass of ice explodes!
The iceblast engulfs the orc knight!
The orc knight is moderately wounded.
The iceblast engulfs the orc!
You kill the orc!
The iceblast engulfs the orc warrior!
The orc warrior is heavily wounded.
You hear a shout! x5
The orc warrior hits you with a +2 scimitar of holy wrath!
You die...

#..#..#........
#..####........ #.##
#......... ### #.........
###.....#.## ###.#......###
..######++#######....#..#.##
......)....o.............##
........(..ho@.......#....#
...#..#....###...##.#....##
.... #...## ##.######.###
##.#.....## ### ### #.
.....## # ##.### ##


You could see an orc knight, a warg and an orc warrior (strong).

Vanquished Creatures
  2 boulder beetles (D:11)
  Harold (D:7)
  3 two-headed ogres (D:10)
  An unseen horror (D:10)
  Pikel (D:7)
  A cyclops (D:11)
  An orc knight (Orc:1)
  An orc sorcerer (D:10)
  3 ugly things (D:12)
  A centaur zombie (D:10)
  Maggie (D:9)
  2 trolls
  Grinder (D:3)
  A hornet (D:12)
  Sigmund (D:3)
  A vampire (D:9)
  4 wyverns (D:10)
  2 wraiths (D:10)
  16 yaks
  A basilisk (D:10)
  Grum (D:9)
  An acid dragon (D:12)
  5 water moccasins
  3 orc warriors
  3 ice beasts
  6 black bears
  4 necrophages
  6 sky beasts
  A swamp drake (D:10)
  6 ogres
  5 phantoms
  6 wolves
  A centaur (D:7)
  5 big kobolds
  3 bullfrogs
  2 water moccasin zombies
  A wyvern skeleton (D:11)
  8 scorpions
  15 wights
  4 howler monkeys
  3 quasits
  9 orc wizards
  6 hounds
  A jelly (D:6)
  A bullfrog skeleton (D:4)
  2 centaur skeletons
  2 orc priests
  Crazy Yiuf (D:3)
  A gnoll shaman (D:7)
  Ijyb (D:3)
  Terence (D:2)
  Natasha (twice) (D:2)
  5 iguanas
  11 worker ants
  2 killer bee zombies (D:9)
  A hound skeleton (D:5)
  7 gnolls
  17 adders
  2 shadow imps
  4 white imps
  2 ufetubi
  2 oozes
  2 adder skeletons
  3 worms
  2 dart slugs (D:1)
  8 leopard geckos
  50 orcs
  5 giant cockroaches
  6 goblins
  7 hobgoblins
  18 jackals
  6 quokkas
  3 ball pythons (D:3)
  A ball python skeleton (D:4)
  10 bats
  4 frilled lizards
  A jackal zombie (D:6)
  31 kobolds
  A quokka skeleton (D:8)
  6 rats
  A spectral orc (D:3)
379 creatures vanquished.

Vanquished Creatures (others)
  4 fungi (D:10)
  45 plants
49 creatures vanquished.

Grand Total: 428 creatures vanquished

Notes
Turn   | Place    | Note
-------+----------+-------------------------------------------
     0 | D:1      | grandjackal the Demonspawn Gladiator began the quest for
                  | the Orb.
     0 | D:1      | Reached XP level 1. HP: 16/16 MP: 1/1
    37 | D:1      | Gained mutation: You regenerate a little health from kills.
                  | [demonic ancestry]
    37 | D:1      | Reached XP level 2. HP: 22/22 MP: 2/2
   157 | D:1      | Gained mutation: You have large cloven feet. [demonic
                  | ancestry]
   157 | D:1      | Reached XP level 3. HP: 23/28 MP: 3/3
   690 | D:2      | Noticed Natasha
   695 | D:2      | Killed Natasha
   701 | D:2      | Gained mutation: Your flesh is cold resistant. (rC+)
                  | [demonic ancestry]
   701 | D:2      | Reached XP level 4. HP: 23/35 MP: 4/4
  1031 | D:2      | Found a glowing golden altar of the Shining One.
  1186 | D:2      | Noticed Terence
  1204 | D:2      | Killed Terence
  1562 | D:2      | Noticed Natasha
  1579 | D:2      | Killed Natasha
  1579 | D:2      | Gained mutation: You are partially covered in iridescent
                  | scales. (AC +2) [demonic ancestry]
  1579 | D:2      | Reached XP level 5. HP: 26/41 MP: 5/5
  1690 | D:2      | Found an opulent altar of Gozag.
  1690 | D:2      | Found a glowing silver altar of Zin.
  1695 | D:2      | Found an ornate altar of the Wu Jian Council.
  1697 | D:2      | Found a white marble altar of Elyvilon.
  1698 | D:2      | Found a faded altar of an unknown god.
  1803 | D:2      | Found a faded altar of an unknown god.
  2065 | D:3      | Noticed Sigmund
  2088 | D:3      | Killed Sigmund
  2088 | D:3      | Reached skill level 1 in Armour
  2088 | D:3      | Reached XP level 6. HP: 19/48 MP: 6/6
  2324 | D:3      | Noticed Ijyb
  2329 | D:3      | Paralysed by Ijyb for 7 turns
  2339 | D:3      | Paralysed by Ijyb for 6 turns
  2353 | D:3      | Killed Ijyb
  2527 | D:3      | Noticed Grinder
  2544 | D:3      | Killed Grinder
  2544 | D:3      | Reached XP level 7. HP: 28/55 MP: 7/7
  2842 | D:3      | Found a runed translucent door.
  2843 | D:3      | Noticed Crazy Yiuf
  2903 | D:3      | Found a basalt altar of Yredelemnul.
  3205 | D:3      | Killed Crazy Yiuf
  3853 | D:4      | Found an ancient bone altar of Kikubaaqudgha.
  4147 | D:4      | Reached skill level 5 in Fighting
  4168 | D:4      | Reached skill level 5 in Long Blades
  4168 | D:4      | Reached skill level 5 in Dodging
  4287 | D:4      | Found a sparkling altar of Nemelex Xobeh.
  4779 | D:5      | Entered Level 5 of the Dungeon
  4845 | D:5      | Reached XP level 8. HP: 53/62 MP: 8/8
  4906 | D:5      | Found Nyzac's Assorted Antiques.
  4909 | D:5      | Bought a black potion for 30 gold pieces
  4918 | D:5      | Found Zilixkog's Antique Weapon Boutique.
  4952 | D:5      | Found a shadowy altar of Dithmenos.
  4954 | D:5      | Found Yjunu's Gadget Boutique.
  5162 | D:5      | Found Qadegarph's Assorted Antiques.
  5176 | D:5      | Bought 2 scrolls labeled FETO SUECAI for 54 gold pieces
  5176 | D:5      | Bought a scroll labeled FAPOOTULEO for 27 gold pieces
  5176 | D:5      | Bought a scroll labeled FETO SUECAI for 27 gold pieces
  5176 | D:5      | Bought 2 ruby potions for 48 gold pieces
  5176 | D:5      | Bought a scroll labeled FAPOOTULEO for 27 gold pieces
  5512 | D:5      | Found Vogheo's Antique Weapon Shop.
  6068 | D:6      | Found a staircase to the Ecumenical Temple.
  6076 | Temple   | Entered the Ecumenical Temple
  6149 | Temple   | Became a worshipper of Warmaster Okawaru
  6255 | D:6      | Reached skill level 1 in Invocations
  6663 | D:7      | Found a bloodstained altar of Trog.
  6686 | D:7      | Gained mutation: You are immune to freezing clouds.
                  | [demonic ancestry]
  6686 | D:7      | Reached XP level 9. HP: 49/69 MP: 10/10
  7028 | D:7      | Noticed Harold
  7049 | D:7      | Gained mutation: Your spells are a little harder to cast,
                  | but a little more powerful. [potion of mutation]
  7049 | D:7      | Gained mutation: You are dopey. (Int -2) [potion of
                  | mutation]
  7049 | D:7      | Gained mutation: You are agile. (Dex +2) [potion of
                  | mutation]
  7085 | D:7      | Killed Harold
  7085 | D:7      | Reached * piety under Okawaru
  7085 | D:7      | Reached skill level 5 in Armour
  7962 | D:7      | Noticed Pikel
  7978 | D:7      | Killed Pikel
  7978 | D:7      | Reached ** piety under Okawaru
  7978 | D:7      | Reached skill level 5 in Invocations
  8412 | D:8      | Gained mutation: You have hoof-like feet. [demonic
                  | ancestry]
  8412 | D:8      | Reached XP level 10. HP: 79/79 MP: 12/14
  8636 | D:8      | Found a broken altar of Ashenzari.
  9137 | D:8      | Found a shimmering altar of Xom.
  9400 | D:9      | Reached *** piety under Okawaru
  9417 | D:9      | Noticed Grum
  9451 | D:9      | Killed Grum
  9545 | D:9      | Noticed Maggie
  9661 | D:9      | Killed Maggie
  9931 | D:9      | Identified the Disquisition on the Noxious Glacier
  9943 | D:9      | Got a heavily runed scale mail
  9976 | D:9      | Identified the +0 scale mail of the Watchman {+Inv} (You
                  | found it on level 9 of the Dungeon)
 10792 | D:10     | Entered Level 10 of the Dungeon
 10849 | D:10     | Reached **** piety under Okawaru
 10900 | D:10     | Found a staircase to the Lair.
 10943 | D:10     | Reached XP level 11. HP: 33/87 MP: 16/16
 11229 | D:10     | Killed an unseen horror
 11660 | D:10     | Noticed a two-headed ogre
 11673 | D:10     | Noticed a two-headed ogre
 11684 | D:10     | Killed a two-headed ogre
 11707 | D:10     | Killed a two-headed ogre
 11715 | D:10     | Reached ***** piety under Okawaru
 11724 | D:10     | Received a gift from Okawaru
 12157 | D:10     | Identified the cursed +0 leather armour of the Bulwark
                  | {Stlth+}
 12216 | D:10     | Found a portal to a secret trove of treasure.
 12322 | D:10     | Noticed a two-headed ogre
 12339 | D:10     | Killed a two-headed ogre
 12498 | D:10     | Found a staircase to the Orcish Mines.
 12863 | D:11     | Noticed a boulder beetle
 12909 | D:11     | Killed a boulder beetle
 13346 | D:11     | Got a vibrating brass ring
 13354 | D:11     | Identified the ring "Wemam" {rC- rN+++ MR++ Int+6} (You
                  | found it on level 11 of the Dungeon)
 13488 | D:11     | Noticed a four-headed hydra
 13718 | D:11     | Found Illastroi's Assorted Antiques.
 13731 | D:11     | Bought a scroll labeled ZUDEEHOAPT for 35 gold pieces
 13731 | D:11     | Bought a scroll labeled ZUDEEHOAPT for 35 gold pieces
 13778 | D:12     | Reached XP level 12. HP: 60/96 MP: 19/19
 14007 | D:12     | Noticed a boulder beetle
 14383 | D:11     | Killed a boulder beetle
 14630 | D:12     | Reached skill level 10 in Invocations
 14932 | D:12     | Reached skill level 10 in Fighting
 15334 | Orc:1    | Entered Level 1 of the Orcish Mines
 15818 | Orc:1    | Found a radiant altar of Vehumet.
 15946 | Orc:1    | HP: 2/97 [orc knight/cursed -3 arbalest (6)]
 15954 | Orc:1    | Mangled by an orc warrior

Illustrated notes

Levels and vault maps discovered:
D:1:      elethiomel_arrival_maze, layout_basic, corner_web_ring,
          serial_bayou_lagoon_a
D:2:      layout_loops_ring, tso_metal_star,
          chequers_temple_overflow_minitemple, chequers_ecumenical_altar_twisty,
          uniq_terence, uniq_natasha
D:3:      layout_rooms, yredelemnul_forgotten_temple_becter,
          minmay_shallow_snake_nest, uniq_crazy_yiuf_cottage, uniq_ijyb,
          uniq_sigmund, uniq_grinder
D:4:      wander_river, layout_layer_cave, old_standard_altar, st_stairs_1,
          nemelex_dance_club_becter
D:5:      layout_cave_pools, serial_shops, shop_fountains,
          nicolae_shop_overgrown_old_shop, shop, kennysheep_mini_moat, shop,
          minmay_misc_feat_nine_boxes, nicolae_dithmenos_the_darkroom
D:6:      layout_basic, minmay_temple_entry_slanted, hex_intersection,
          kennysheep_small_square
D:7:      layout_basic, trog_ov_bears_minmay, uniq_pikel, uniq_harold
D:8:      layout_loops_ring, xom_teletrap_fun, cheibrodos_ashenzari_chains
D:9:      layout_roguey, uniq_maggie, uniq_grum
D:10:     layout_basic, minmay_lair_entry_grove, erik_orc_1,
          nicolae_trove_entry_free_sample
D:11:     layout_irregular_city, serial_shops, shop, lightli_corner_chamber
D:12:     layout_irregular_city
Temple:   oiseaux_autumnal_temple
Orc:1:    layout_caves, basic_altar, abandoned_shop, hangedman_minor_magic,
          uniq_sonja

Skill      XL: |  1  2  3  4  5  6  7  8  9 10 11 12 |
---------------+-------------------------------------+-----
Long Blades    | 3 4 5 6 7 8 9 |  9.5
Dodging        | 3 4 5 6 7 9 |  9.5
Fighting       | 3 4 5 6 7 8 9 10 | 10.1
Armour         | 1 2 3 4 5 6 8 |  8.7
Invocations    | 2 5 7 9 10 | 10.0
Throwing       | |  1.7

Action                   |  1- 3 |  4- 6 |  7- 9 | 10-12 || total
-------------------------+-------+-------+-------+-------++-------
Melee: Long sword        |    68 |   135 |   518 |   425 ||  1146
       Kick              |    13 |    46 |   189 |   405 ||   653
       Scimitar          |       |       |       |   510 ||   510
       Punch             |       |       |       |     6 ||     6
Throw: Throwing net      |       |       |     2 |       ||     2
Invok: Heroism           |       |       |       |    11 ||    11
Evoke: Wand              |       |     1 |     4 |     9 ||    14
  Use: Potion            |       |       |     9 |     1 ||    10
       Scroll            |       |       |       |    14 ||    14
 Stab: Paralysed         |       |     6 |       |     6 ||    12
       Invisible         |       |       |     3 |       ||     3
Armor: Leather armour    |    17 |    10 |       |       ||    27
       Chain mail        |       |    76 |   280 |   456 ||   812
Dodge: Dodged            |    70 |    83 |   239 |   528 ||   920
Block: Other             |       |       |   120 |   229 ||   349
       Reflection        |       |       |       |     4 ||     4
       Rpst.: Long sword |    21 |    24 |    55 |    53 ||   153
       Scimitar          |       |       |       |    98 ||    98

Table legend: (Time is in decaauts)
 A = Elapsed time spent in this place.
 B = Non-inter-level travel time spent in this place.
 C = Inter-level travel time spent in this place.
 D = Time resting spent in this place.
 E = Time spent auto-exploring this place.
 F = Levels seen in this place.
 G = Mean time per level.
                   A        B        C        D        E       F      G
               +--------+--------+--------+--------+--------+-----+--------+
         Total |  16016 |  15553 |    463 |   4973 |   7536 |  14 | 1144.0 |
       Dungeon |  15717 |  15286 |    431 |   4973 |   7338 |  12 | 1309.8 |
        Temple |    105 |     73 |     32 |      0 |     67 |   1 |  105.0 |
  Orcish Mines |    193 |    193 |      0 |      0 |    131 |   1 |  193.0 |
               +--------+--------+--------+--------+--------+-----+--------+

Top non-repeatable levels by time:
    D:10: 2481 daAuts
     D:2: 1537 daAuts
     D:7: 1511 daAuts
     D:4: 1510 daAuts
     D:9: 1465 daAuts
    D:11: 1439 daAuts
     D:6: 1139 daAuts
     D:3: 1112 daAuts
    D:12: 988 daAuts
     D:8: 962 daAuts
     D:5: 857 daAuts
     D:1: 714 daAuts
   Orc:1: 193 daAuts
  Temple: 105 daAuts
